 Dungeon Crawl Stone Soup version 0.27-a0-148-g9515ab555c (webtiles) character file.

Game seed: 15582684967428205528

444 lessens the Scratcher (level 6, -5/24 HPs)
             Began as a Felid Enchanter on Jan 27, 2021.
             Killed by nerve-wracking pain
             ... invoked by an orc priest
              (10 damage)
             ... on level 5 of the Dungeon.
             The game lasted 00:13:33 (6748 turns).

lessens the Scratcher (Felid Enchanter)             Turns: 6748, Time: 00:13:34

Health: -5/24      AC:  2    Str:  6    XL:     6   Next: 72%
Magic:  5/11       EV: 18    Int: 16    God:
Gold:   130        SH:  0    Dex: 17    Spells: 2/11 levels left
                                        Lives:  0   Deaths: 2

rFire    . . .     SeeInvis +     - Unarmed
rCold    . . .     Faith    .   (shield unavailable)
rNeg     . . .     Spirit   .   (armour unavailable)
rPois    .         Reflect  .   (helmet unavailable)
rElec    .         Harm     .   (cloak unavailable)
rCorr    .         Rampage  .   (gloves unavailable)
Will     .....                  (boots unavailable)
Stlth    ++++......             q - amulet of magic regeneration
HPRegen  0.08/turn              (no ring)
MPRegen  0.37/turn              (no ring)

@: confusing touch, very slightly contaminated, quick
A: very small, no armour, no weapons or thrown items, stealth, claws 1, fangs 3,
see invisible, speed 1, shaggy fur 2, sharp paws
a: no special abilities


You were on level 5 of the Dungeon.
You visited 2 branches of the dungeon, and saw 6 of its levels.
You also visited: Sewer.

You collected 130 gold pieces.

Inventory:

Jewellery
 j - an uncursed ring of ice
 q - an amulet of magic regeneration (around neck)
Wands
 a - a wand of acid (5)
Scrolls
 b - a scroll of enchant weapon
 e - 4 scrolls of teleportation
 f - a scroll of identify
 k - a scroll of magic mapping
 l - a scroll of blinking
 r - a scroll of fear
Potions
 c - a potion of berserk rage
 d - 2 potions of heal wounds
 g - 3 potions of attraction
 i - a potion of might
 m - a potion of brilliance {unknown}
 n - 2 potions of haste
 o - a potion of lignification
 p - a potion of magic {unknown}
 s - 2 potions of degeneration


   Skills:
 + Level 0.3 Fighting
 - Level 2.6 Dodging
 - Level 5.4 Stealth
 * Level 7.6 Unarmed Combat
 - Level 3.0 Spellcasting
 - Level 7.0 Hexes


You had 2 spell levels left.
You knew the following spells:

 Your Spells              Type           Power        Failure   Level
a - Corona                Hex            27%          1%          1
b - Ensorcelled Hibernat  Hex/Ice        26%          7%          2
c - Confusing Touch       Hex            25%          3%          3
d - Tukima's Dance        Hex            25%          3%          3

Your spell library contained the following spells:

 Spells                   Type           Power        Failure   Level
 Animate Skeleton         Necr           4%           19%         1
 Apportation              Tloc           4%           19%         1
 Summon Small Mammal      Summ           8%           19%         1
 Dazzling Flash           Conj/Hex       26%          13%         3


Dungeon Overview and Level Annotations

Branches:
Dungeon (5/15)             Temple (1/1) D:4           Sewer (visited)

Altars:
Ashenzari
Cheibriados
Fedhas
Hepliaklqana
Kikubaaqudgha
Ru
Sif Muna
Trog
Vehumet
Yredelemnul
Zin
Jiyva

Shops:
D:2 *   D:4 !


Innate Abilities, Weirdness & Mutations

You cannot wear armour.
You are incapable of wielding weapons or throwing items.
Your paws allow you to move quietly. (Stealth)
You have sharp claws.
You have razor-sharp teeth.
You have supernaturally acute eyesight. (SInv)
You cover ground quickly.
You are covered in thick fur. (AC +2)
Your sharp claws are effective at attacking unaware monsters.


Message History

[Y]es or [N]o only, please.
The spell is quite dangerous to cast (3% risk of failure)!
Continue anyway?
Your paws begin to glow red.
The orc priest hits you with a +0 mace.
You scratch the orc priest but do no damage.
The orc priest misses you.
You barely miss the orc priest.
You scratch the orc priest but do no damage.
The orc priest looks encouraged for a moment.
You closely miss the orc priest.
You bite the orc priest, but do no damage.
The orc priest hits you with a +0 mace.
You closely miss the orc priest.
The orc priest invokes the aid of Beogh against you.
Pain shoots through your body!
* * * LOW HITPOINT WARNING * * *
You closely miss the orc priest.
You scratch the orc priest but do no damage.
The orc priest calls down the wrath of Beogh upon you.
Pain shoots through your body!
You die...

#.#
#.#
#.#
#.#
#o#
#o#
#o#
#@#
###


You could see an orc priest and 2 orcs.

Vanquished Creatures
  Sigmund (D:2)
  An ogre (Temple)
  A big kobold (D:4)
  2 bullfrogs (Sewer)
  A jelly (D:3)
  Crazy Yiuf (D:3)
  2 orc priests
  An orc wizard (D:3)
  A bullfrog skeleton (D:4)
  Jessica (D:2)
  3 worker ants (D:4)
  11 adders
  3 gnolls (D:2)
  2 oozes
  2 worms
  2 dart slugs (D:1)
  4 leopard geckos
  12 orcs (D:3)
  9 giant cockroaches
  12 goblins
  7 hobgoblins
  4 jackals
  27 kobolds
  4 ball pythons
  3 bats (D:3)
  9 frilled lizards
  A quokka skeleton (D:4)
  9 rats
136 creatures vanquished.

Vanquished Creatures (collateral kills)
  Blork the orc (D:4)
  An adder (D:4)
  A worm (D:4)
3 creatures vanquished.

Vanquished Creatures (others)
  53 plants (D:4)
53 creatures vanquished.

Grand Total: 192 creatures vanquished

Notes
Turn   | Place    | Note
-------+----------+-------------------------------------------
     0 | D:1      | lessens the Felid Enchanter began the quest for the Orb.
     0 | D:1      | Reached XP level 1. HP: 7/7 MP: 4/4
   160 | D:1      | Reached XP level 2. HP: 7/11 MP: 6/6
   363 | D:1      | Learned a level 2 spell: Ensorcelled Hibernation
  1176 | D:2      | Reached skill level 5 in Hexes
  1255 | D:2      | Reached XP level 3. HP: 14/14 MP: 7/7
  1413 | D:2      | Noticed Jessica
  1414 | D:2      | Noticed Sigmund
  1419 | D:2      | Killed Jessica
  1420 | D:2      | Reached XP level 4. HP: 18/18 MP: 5/8
  1453 | D:2      | Found a glowing silver altar of Zin.
  1454 | D:2      | Found Zin's Purification Station.
  1476 | D:1      | Learned a level 3 spell: Confusing Touch
  1830 | D:2      | Killed Sigmund
  1831 | D:2      | Reached XP level 5. HP: 6/21 MP: 3/9
  2356 | D:2      | Reached skill level 5 in Unarmed Combat
  2356 | D:2      | Gained mutation: You are covered in thick fur. (AC +2)
                  | [Felid growth]
  2356 | D:2      | Reached XP level 6. HP: 24/24 MP: 3/10
  2665 | D:2      | Learned a level 3 spell: Tukima's Dance
  2731 | D:3      | Found a snail-covered altar of Cheibriados.
  3163 | D:3      | Found a glowing drain.
  3269 | Sewer    | Entered a sewer
  3685 | Sewer    | Reached XP level 7. HP: 22/27 MP: 7/11
  4752 | D:3      | Found a runed translucent door.
  4753 | D:3      | Noticed Crazy Yiuf
  4760 | D:3      | Killed Crazy Yiuf
  5298 | D:4      | Noticed Blork the orc
  5302 | D:4      | Mangled by an ogre
  5303 | D:4      | Reached XP level 6. HP: -6/24 MP: 11/11
  5303 | D:4      | Found a staircase to the Ecumenical Temple.
  5321 | Temple   | Entered the Ecumenical Temple
  5641 | D:4      | Slain by Blork the orc
  5642 | D:4      | Reached XP level 5. HP: -1/21 MP: 10/10
  5663 | D:4      | Killed Blork the orc
  5664 | D:4      | Reached skill level 5 in Stealth
  5664 | D:4      | Reached XP level 6. HP: 24/24 MP: 11/11
  6122 | D:4      | Found Quil's Distillery.
  6736 | D:5      | Entered Level 5 of the Dungeon
  6748 | D:5      | Killed from afar by an orc priest

Illustrated notes

Levels and vault maps discovered:
D:1:      wander_arrival_fairy_ring, layout_loops_ring
D:2:      layout_loops_ring, zin_purify, uniq_jessica, uniq_sigmund
D:3:      layout_loops_ring, cheibriados_altar_1, gup_sewer_entry_glass,
          serial_park_tiny_2, uniq_crazy_yiuf_cottage
D:4:      kennysheep_kobold_camp, layout_loops_corners,
          minmay_temple_entry_statues_fountains, serial_shops, kennysheep_mini,
          uniq_blork_the_orc
D:5:      layout_basic, lemuel_doored_altar, lemuel_crystal_altar, serial_bayou,
          serial_bayou_ford_a, serial_bayou_crossing, serial_bayou_shore_b,
          serial_bayou_lagoon_b, uniq_edmund, uniq_duvessa, uniq_menkaure
Temple:   pf_slimified_temple

Skill      XL: |  1  2  3  4  5  6  7 |
---------------+----------------------+-----
Unarmed Combat | 2 3 4 5 7 |  7.6
Hexes          | 5 6 7 |  7.0
Spellcasting   | 3 |  3.0
Stealth        | 5 |  5.4
Fighting       | |  0.3
Dodging        | |  2.6

Action                   |  1- 3 |  4- 6 |  7- 9 || total
-------------------------+-------+-------+-------++-------
Melee: Unarmed           |    72 |   240 |    87 ||   399
       Bite              |     7 |    15 |    10 ||    32
       Punch             |     1 |     6 |     1 ||     8
 Cast: Ensorcelled Hiber |     4 |    27 |     4 ||    35
       Confusing Touch   |       |     8 |     3 ||    11
       Tukima's Dance    |       |     1 |       ||     1
  Use: Potion            |     1 |     3 |       ||     4
       Scroll            |       |    14 |       ||    14
 Stab: Sleeping          |    11 |    20 |    10 ||    41
       Distracted        |     1 |       |       ||     1
       Confused          |       |     3 |     2 ||     5
Armor: Skin              |     3 |     8 |     4 ||    15
Dodge: Dodged            |    48 |   178 |    47 ||   273

Table legend: (Time is in decaauts)
 A = Elapsed time spent in this place.
 B = Non-inter-level travel time spent in this place.
 C = Inter-level travel time spent in this place.
 D = Time resting spent in this place.
 E = Time spent auto-exploring this place.
 F = Levels seen in this place.
 G = Mean time per level.
                   A        B        C        D        E       F      G
               +--------+--------+--------+--------+--------+-----+--------+
         Total |   6100 |   5919 |    181 |   1623 |   3274 |   7 |  871.4 |
       Dungeon |   5117 |   4946 |    171 |   1270 |   2814 |   5 | 1023.4 |
        Temple |    280 |    270 |     10 |    193 |     67 |   1 |  280.0 |
         Sewer |    703 |    703 |      0 |    160 |    392 |   1 |  703.0 |
               +--------+--------+--------+--------+--------+-----+--------+

Top non-repeatable levels by time:
     D:4: 1385 daAuts
     D:1: 1332 daAuts
     D:2: 1270 daAuts
     D:3: 1118 daAuts
   Sewer: 703 daAuts
  Temple: 280 daAuts
     D:5: 10 daAuts
